 Dungeon Crawl Stone Soup version 0.30-a0-916-g9813417 (webtiles) character file.

Game seed: 15380507088319201059

47 Dorkslayer the Covered (level 3, -1/23 HPs)
             Began as a Gargoyle Fighter on Apr 16, 2023.
             Slain by a gnoll
             ... wielding a +2 halberd of venom
              (7 damage)
             ... on level 2 of the Dungeon.
             The game lasted 00:02:58 (1496 turns).

Dorkslayer the Covered (Gargoyle Fighter)           Turns: 1496, Time: 00:02:58

Health: -1/23      AC: 10    Str: 19    XL:     3   Next: 70%
Magic:  3/3        EV:  9    Int:  8    God:
Gold:   49         SH:  4    Dex: 11    Spells: 2/2 levels left

rFire   . . .      SeeInvis .    a - +0 war axe
rCold   . . .      Faith    .    c - +0 buckler
rNeg    + . .      Spirit   .    b - +0 scale mail
rPois   ∞          Reflect  .    (no helmet)
rElec   +          Rampage  .    (no cloak)
rCorr   .                        (no gloves)
Will    .....                    (no boots) Stlth
                                 (no amulet)
HPRegen 0.23/turn                (no ring)
MPRegen 0.08/turn                (no ring)

@: invisible
A: sickness immunity, AC +3, negative energy resistance 1, electricity
resistance, torment resistance 1, petrification resistance
a: no special abilities


You were on level 2 of the Dungeon.
You visited 1 branch of the dungeon, and saw 2 of its levels.

You collected 49 gold pieces.

Inventory:

Hand Weapons
 a - a +0 war axe (weapon)
Armour
 b - a +0 scale mail (worn)
 c - a +0 buckler (worn)
Scrolls
 e - a scroll of fear {unknown}
 f - a scroll of immolation {unknown}
 g - 2 scrolls of identify {unknown}
 i - 2 scrolls of teleportation {unknown}
 n - a scroll of poison {unknown}
Potions
 d - a potion of might
 h - a potion of invisibility
 j - a potion of flight {unknown}
 k - a potion of attraction {unknown}
 l - a potion of brilliance {unknown}
 m - a potion of degeneration {unknown}


   Skills:
 + Level 3.5 Fighting
 + Level 2.1 Axes
 + Level 3.6 Armour
 * Level 1.3 Dodging
 + Level 3.6 Shields


You had 2 spell levels left.
You didn't know any spells.
Your spell library contained the following spells:

 Spells                   Type           Power      Damage    Failure   Level
 Scorch                   Fire           0%         2d5       94%         2
 Flame Wave               Conj/Fire      0%         2d4       100%        4
 Summon Cactus Giant      Summ           0%         N/A       100%        6


Dungeon Overview and Level Annotations

Branches:
Dungeon (2/15)

Altars:


Innate Abilities, Weirdness & Mutations

You are immune to sickness and miasma.
Your stone body is resilient. (AC +3)
You are immune to poison.
You resist negative energy. (rN+)
You are resistant to electric shocks. (rElec)
You are resistant to unholy torment.
You are immune to petrification.


Message History

a +0 short sword; a kobold corpse
n - a scroll labelled PUEMPI LETOS ISINI
Things that are here:
a +0 short sword; a kobold corpse HP restored.
You open the door.
There is an open door here.
You open the door.
A gnoll and 2 jackals come into view.
The gnoll is wielding a +2 halberd of venom.
The jackal barks! x2
You block the jackal's attack. The jackal barely misses you.
The jackal closely misses you.
The gnoll hits you from afar with a +2 halberd of venom!
Ouch! That really hurt!
The jackal bites you but does no damage.
There is an open door here.
You slash the jackal!
You kill the jackal!
You hit the bush. You hit the bush but do no damage.
You closely miss the jackal. The jackal barely misses you.
The gnoll hits you but does no damage.
The jackal bites you but does no damage.
The gnoll closely misses you. The jackal closely misses you.
You see here a jackal corpse.
Okay, then.
It was a potion of invisibility.
You fade into invisibility!
The jackal barely misses you.
The gnoll hits you with a +2 halberd of venom.
You catch the helpless gnoll completely off-guard!
You hit the gnoll but do no damage. You barely miss the jackal.
The jackal closely misses you.
The gnoll hits you with a +2 halberd of venom.
* * * LOW HITPOINT WARNING * * *
The jackal barely misses you.
You barely miss the gnoll. You hit the jackal.
You kill the jackal!
The gnoll hits you with a +2 halberd of venom!
You die...

#.)..>...##
.#######........##
.......'......)..#
.#######.........#
#### #.###†#...#
#####..###.#
#.#####
#...#......#
#......
#..†#P..####
####### #.g@'...#
#.. #+#+#P.## #.#
#..# #.# #..# #.#
#### #.. ###


You could see a gnoll (unable to see you).

Vanquished Creatures
  A worm (D:2)
  3 dart slugs
  3 endoplasms (D:1)
  5 giant cockroaches
  5 goblins
  3 hobgoblins
  2 jackals (D:2)
  3 ball pythons (D:1)
  4 bats
  2 frilled lizards
  3 kobolds
  3 rats (D:2)
37 creatures vanquished.

Notes
Turn   | Place    | Note
-------+----------+-------------------------------------------
     0 | D:1      | Dorkslayer the Gargoyle Fighter began the quest for the
                  | Orb.
     0 | D:1      | Reached XP level 1. HP: 14/14 MP: 1/1
   188 | D:1      | Reached XP level 2. HP: 18/19 MP: 2/2
   453 | D:1      | Reached skill level 1 in Dodging
   592 | D:1      | Reached XP level 3. HP: 23/23 MP: 3/3
  1496 | D:2      | Slain by a gnoll

Illustrated notes

Levels and vault maps discovered:
D:1:      psy_arrival_radial02, layout_loops_ring, st_stairs_10,
          nicolae_concentric_dashed_squares_wild
D:2:      layout_basic, cheibrodos_gnoll_hut

Skill      XL: |  1  2 |
---------------+-------+-----
Axes           | 2 |  2.1
Dodging        | 1 |  1.3
Fighting       | |  3.5
Armour         | |  3.6
Shields        | |  3.6

Action                     || total
---------------------------++-------
  Melee: War axe           ||   133
    Use: Potion            ||     1
   Stab: Invisible         ||     1
 Armour: Scale mail        ||    78
  Dodge: Dodged            ||    98
  Block: Buckler           ||    34

Table legend: (Time is in decaauts)
 A = Elapsed time spent in this place.
 B = Non-inter-level travel time spent in this place.
 C = Inter-level travel time spent in this place.
 D = Time resting spent in this place.
 E = Time spent auto-exploring this place.
 F = Levels seen in this place.
 G = Mean time per level.
                   A        B        C        D        E       F      G
               +--------+--------+--------+--------+--------+-----+--------+
         Total |   1553 |   1553 |      0 |      0 |    846 |   2 |  776.5 |
       Dungeon |   1553 |   1553 |      0 |      0 |    846 |   2 |  776.5 |
               +--------+--------+--------+--------+--------+-----+--------+

Top non-repeatable levels by time:
     D:1: 1102 daAuts
     D:2: 451 daAuts
